 Dungeon Crawl Stone Soup version 0.26.1-2-gb8aa6d0cf2 (webtiles) character file.

Game seed: 14192074673371774937

965 Gadfly the Covered (level 7, -5/66 HPs)
             Began as a Troll Delver on Feb 25, 2021.
             Was an Initiate of Gozag.
             Shot with a bolt by an orc warrior (19 damage)
             ... in a bailey.
             The game lasted 00:09:17 (5749 turns).

Gadfly the Covered (Troll Delver)                   Turns: 5749, Time: 00:09:18

Health: -5/66      AC:  7    Str: 23    XL:     7   Next: 93%
Magic:  6/6        EV: 10    Int:  6    God:    Gozag
Gold:   741        SH:  0    Dex: 11    Spells: 6/6 levels left

rFire    + . .     SeeInvis .   b - +3 dagger (venom)
rCold    . . .     Faith    .   (no shield)
rNeg     . . .     Spirit   .   k - +0 robe
rPois    .         Reflect  .   (helmet restricted)
rElec    .         Harm     .   h - +0 cloak
rCorr    .         Rampage  .   (gloves unavailable)
Will     .....                  (boots unavailable)
Stlth    ++........             (no amulet)
HPRegen  0.61/turn              n - ring of protection from fire
MPRegen  0.10/turn              (no ring)

@: no status effects
A: large, unfitting armour, claws 3, regeneration 1, shaggy fur 1, tough skin 3
a: Renounce Religion, Potion Petition, Call Merchant, Bribe Branch


You were in a bailey.
You worshipped Gozag.
Gozag was pleased with you.
You visited 1 branch of the dungeon, and saw 7 of its levels.
You also visited: Bailey.

You collected 866 gold pieces.
You paid 125 gold pieces to Gozag.

Inventory:

Hand Weapons
 a - a +0 flail
 b - a +3 dagger of venom (weapon)
Armour
 h - a +0 cloak (worn)
 k - a +0 robe (worn)
Jewellery
 n - a ring of protection from fire (left claw)
Wands
 g - a wand of digging (3)
 r - a wand of polymorph (8) (quivered)
Scrolls
 c - 4 scrolls of fog
 d - 2 scrolls of magic mapping
 e - 2 scrolls of fear
 i - 4 scrolls of remove curse
 j - 2 scrolls of teleportation
 q - 2 scrolls of enchant weapon
Potions
 f - 2 potions of haste
 m - a potion of curing
 o - a potion of might
 p - a potion of lignification


   Skills:
 - Level 2.4 Fighting
 + Level 4.0 Maces & Flails
 * Level 4.5 Armour
 - Level 1.5 Dodging
 - Level 2.7 Stealth
 * Level 4.2 Evocations


You had 6 spell levels left.
You didn't know any spells.
Your spell library contained the following spells:

 Spells                   Type           Power        Failure   Level
 Animate Skeleton         Necr           0%           45%         1
 Apportation              Tloc           0%           45%         1
 Corona                   Hex            0%           45%         1
 Freeze                   Ice            0%           45%         1
 Summon Small Mammal      Summ           0%           45%         1
 Frozen Ramparts          Ice            0%           83%         3
 Ozocubu's Armour         Ice            0%           83%         3
 Hailstorm                Conj/Ice       0%           99%         4
 Summon Ice Beast         Ice/Summ       0%           99%         4


Dungeon Overview and Level Annotations

Branches:
Dungeon (7/15)             Temple (0/1) D:7          Bailey (1/1)

Altars:
Elyvilon
Gozag
Hepliaklqana
Kikubaaqudgha
Okawaru
Qazlal
Ru
Sif Muna
Yredelemnul

Shops:
D:6 (


Innate Abilities, Weirdness & Mutations

You are too large for most types of armour.
You have claws for hands.
Your natural rate of healing is unusually fast.
You are covered in fur. (AC +1)
You have extremely tough skin. (AC +3)


Message History

* * * LOW HITPOINT WARNING * * *
You barely miss the orc warrior.
The orc warrior is lightly wounded.
The orc warrior barely misses you.
You barely miss the orc warrior.
The orc warrior is lightly wounded.
The orc warrior misses you.
The orc shouts!
You hit the orc warrior.
The orc warrior looks as sick as possible!
The orc warrior is moderately wounded.
The orc shoots a bolt.
The bolt barely misses you. The orc warrior hits you.
* * * LOW HITPOINT WARNING * * *
The orc warrior hits you!
* * * LOW HITPOINT WARNING * * *
The orc warrior wields a +0 arbalest.
The orc warrior shoots a bolt.
The bolt barely misses you.
You feel better.
The orc warrior shoots a bolt.
The bolt hits you!!
You die...
Your body crumbles into a pile of gold.

#....................
#......≈≈≈≈≈≈≈≈≈≈≈≈≈≈
#......≈≈#.#≈≈≈≈≈≈≈≈≈
#......≈##.##≈≈≈≈≈≈≈≈
#...(..≈).^..≈≈≈≈≈≈≈≈
#......≈##.∩#≈≈≈≈≈≈≈≈
#......≈≈#.#≈≈≈≈≈≈≈≈#
#......≈≈≈≈≈≈≈≈≈≈####
#...@..(≈≈≈≈≈≈≈≈##
#(...(.≈≈≈≈≈≈≈≈##
#((....$≈≈≈≈≈≈≈#
#(((o.(≈≈≈≈≈≈≈##
#...((.≈≈≈≈≈≈≈#
#(.(..(≈≈≈≈≈≈≈#
#......≈≈≈≈≈≈≈#
#...o..≈≈≈≈≈≈≈#
#......≈≈≈≈≈≈≈#


You could see an orc warrior (very poisoned) and an orc.

Vanquished Creatures
  A black bear (D:7)
  2 ogres
  2 bullfrogs
  A wyvern zombie (D:6)
  Blork the orc (D:5)
  A howler monkey (D:4)
  A jelly (Bailey)
  An orc priest (D:3)
  A bullfrog skeleton (D:4)
  An iguana (D:5)
  2 worker ants
  3 gnolls (D:2)
  6 adders
  A shadow imp (D:6)
  An ufetubus (D:6)
  2 worms
  3 dart slugs
  7 leopard geckos
  15 orcs
  6 giant cockroaches
  20 goblins
  7 hobgoblins
  6 jackals
  A quokka (D:5)
  3 ball pythons
  A ball python skeleton (D:5)
  15 bats
  7 frilled lizards
  3 kobolds
  A quokka skeleton (D:4)
  5 rats
127 creatures vanquished.

Notes
Turn   | Place    | Note
-------+----------+-------------------------------------------
     0 | D:5      | Gadfly the Troll Delver began the quest for the Orb.
     0 | D:5      | Reached XP level 1. HP: 22/22 MP: 0/0
    77 | D:5      | Noticed Blork the orc
   153 | D:3      | Reached XP level 2. HP: 27/29 MP: 1/1
   324 | D:2      | Found an ancient bone altar of Kikubaaqudgha.
   348 | D:1      | Reached skill level 1 in Armour
   431 | D:1      | Reached skill level 1 in Evocations
   456 | D:1      | Reached XP level 3. HP: 33/36 MP: 2/2
  1263 | D:2      | Found an opulent altar of Gozag.
  1291 | D:2      | Reached XP level 4. HP: 28/44 MP: 3/3
  1612 | D:2      | Found an iron altar of Okawaru.
  1745 | D:2      | Became a worshipper of Gozag Ym Sagoz the Greedy
  2036 | D:3      | Found a faded altar of an unknown god.
  2267 | D:3      | Reached XP level 5. HP: 21/50 MP: 4/4
  2633 | D:3      | Reached XP level 6. HP: 56/59 MP: 5/5
  3666 | D:5      | Killed Blork the orc
  3667 | D:5      | Reached XP level 7. HP: 66/66 MP: 6/6
  3949 | D:5      | Found a basalt altar of Yredelemnul.
  4090 | D:5      | Found a white marble altar of Elyvilon.
  4429 | D:6      | Found Tirud's Weapon Emporium.
  4497 | D:6      | Found a sacrificial altar of Ru.
  4497 | D:6      | Found a stormy altar of Qazlal.
  4498 | D:6      | Found a hazy altar of Hepliaklqana.
  4498 | D:6      | Found a shimmering blue altar of Sif Muna.
  5237 | D:7      | Found a flagged portal.
  5480 | Bailey   | Entered a bailey
  5749 | Bailey   | Shot with a bolt by an orc warrior

Illustrated notes

Levels and vault maps discovered:
D:1:      nagdon_arrival_zigzag_paths, layout_loops_corners,
          chequers_serial_rivers_micro_c, corexii_hall_statues_l, st_stairs_1
D:2:      layout_basic, nicolae_gozag_seed_capital, okawaru_gym_becter,
          general_overflow_altar, minmay_misc_feat_columns
D:3:      wad_river_or_something, layout_basic,
          chequers_ecumenical_altar_simple_redux, serial_bayou_crossing
D:4:      layout_basic, st_stairs_3, chequers_arboretum, hex_large
D:5:      layout_rooms, kennysheep_ying_yang, uniq_blork_the_orc
D:6:      layout_gridville, chequers_temple_overflow_statue_of_worship,
          serial_shops, shop
D:7:      layout_cave_pools, temple_pool_b, enter_bailey_5, uniq_menkaure
Bailey:   bailey_polearm_2, bailey

Skill      XL: |  1  2  3  4  5  6  7 |
---------------+----------------------+-----
Maces & Flails | 2 3 4 |  4.0
Armour         | 1 2 3 4 |  4.5
Evocations     | 1 2 3 4 |  4.2
Fighting       | |  2.4
Dodging        | |  1.5
Stealth        | |  2.7

Action                   |  1- 3 |  4- 6 |  7- 9 || total
-------------------------+-------+-------+-------++-------
Melee: Mace              |    56 |       |       ||    56
       Dagger            |    65 |   180 |    90 ||   335
       Flail             |       |       |     8 ||     8
Evoke: Wand              |       |       |     1 ||     1
  Use: Scroll            |     3 |     4 |     5 ||    12
       Potion            |       |     2 |     2 ||     4
 Stab: Sleeping          |     5 |    10 |     3 ||    18
Armor: Robe              |    68 |    49 |    44 ||   161
Dodge: Dodged            |    89 |    74 |    93 ||   256
